 Dungeon Crawl Stone Soup version 0.21.1-1-g345015f (webtiles) character file.

5649 tidbits the Magician (level 10, -8/74 HPs)
             Began as a Gnoll Ice Elementalist on Mar 30, 2018.
             Was a Follower of Cheibriados.
             Hit by a tomahawk thrown by an orc warrior (16 damage)
             ... on level 2 of the Orcish Mines.
             The game lasted 00:34:52 (3032 turns).

tidbits the Magician (Gnoll Ice Elementalist)       Turns: 3032, Time: 00:34:52

Health: -8/74      AC:  7    Str: 13    XL:     10   Next: 74%
Magic:  12/21      EV: 18    Int: 29    God:    Cheibriados [*.....]
Gold:   538        SH:  8    Dex: 19    Spells: 10/24 levels left

rFire    x . .     SeeInvis .   b - +3 war axe (elec)
rCold    + . .     Gourm    .   D - +2 buckler
rNeg     . . .     Faith    .   g - +0 robe
rPois    .         Spirit   .   E - +2 helmet
rElec    .         Reflect  .   (no cloak)
rCorr    .         Harm     .   (no gloves)
MR       +....                  F - +1 pair of boots
Stlth    ++++......             (no amulet)
HPRegen  0.22/turn              L - ring of protection from magic
MPRegen  0.17/turn              N - ring of ice

@: brilliant, lethally poisoned (-8 -> -8), very slow
A: distributed training, fangs 1, strong nose
a: Bend Time, Renounce Religion


You were on level 2 of the Orcish Mines.
You worshipped Cheibriados.
Cheibriados was aware of your devotion.
You were not hungry.

You visited 3 branches of the dungeon, and saw 12 of its levels.

You collected 655 gold pieces.
You spent 117 gold pieces at shops.

Inventory:

Hand Weapons
 a - a +4 spear of venom
   (You found it on level 1 of the Dungeon)
 b - a +3 war axe of electrocution (weapon)
   (You took it off an orc warrior on level 6 of the Dungeon)
 f - a +0 club
 h - a +0 dagger
 u - a +0 scimitar
 v - the +8 mace of the Orb {venom, rC+}
   (You took it off an orc on level 5 of the Dungeon)

   It poisons the flesh of those it strikes.
   It protects you from cold.
 y - a +0 shortbow
 z - a +4 dagger
 I - a +1 short sword of freezing
   (You took it off an orc on level 5 of the Dungeon)
Missiles
 l - 43 stones
 q - 65 arrows
 K - 35 bolts
 S - 13 tomahawks (quivered)
Armour
 g - a +0 robe (worn)
 D - a +2 buckler (worn)
 E - a +2 helmet (worn)
 F - a +1 pair of boots (worn)
 T - a -1 leather armour
Magical Staves
 H - an uncursed staff of power {!a}
   (You found it on level 7 of the Dungeon)
Jewellery
 G - an uncursed ring of fire
   (You found it on level 5 of the Dungeon)
 L - a ring of protection from magic (left hand)
   (You found it on level 5 of the Dungeon)
 N - a ring of ice (right hand)
   (You found it on level 7 of the Dungeon)
Wands
 d - a wand of digging (4)
 e - a wand of acid (1)
 x - a wand of flame (28)
 A - a wand of enslavement (10)
 M - a wand of polymorph (13)
Scrolls
 n - a scroll of fog
 p - a scroll of fear
 r - 2 scrolls of remove curse
 w - a scroll of amnesia
 O - a scroll of teleportation
 P - a scroll of immolation
Potions
 i - a potion of resistance {unknown}
 o - 2 potions of brilliance
 s - 2 potions of curing
 t - a potion of haste
 C - a potion of ambrosia
 R - a potion of lignification
Books
 j - a book of Frost

   Spells                             Type                      Level
   a - Freeze                         Ice                          1
   b - Throw Frost                    Conjuration/Ice              2
   c - Ozocubu's Armour               Charms/Ice                   3
   d - Throw Icicle                   Conjuration/Ice              4
   e - Summon Ice Beast               Ice/Summoning                4
 k - a Young Poisoner's Handbook
   (You found it on level 7 of the Dungeon)

   Spells                             Type                      Level
   a - Sting                          Conjuration/Poison           1
   b - Poisonous Vapours              Poison/Air                   2
   c - Mephitic Cloud                 Conjuration/Poison/Air       3
   d - Olgreb's Toxic Radiance        Poison                       4
   e - Venom Bolt                     Conjuration/Poison           5
 B - a book of Conjurations
   (You found it on level 4 of the Dungeon)

   Spells                             Type                      Level
   a - Magic Dart                     Conjuration                  1
   b - Searing Ray                    Conjuration                  2
   c - Dazzling Spray                 Conjuration/Hexes            3
   d - Fulminant Prism                Conjuration/Hexes            4
   e - Force Lance                    Conjuration/Translocation    4
   f - Iskenderun's Mystic Blast      Conjuration                  4
 J - a book of Debilitation
   (You found it on level 8 of the Dungeon)

   Spells                             Type                      Level
   a - Corona                         Hexes                        1
   b - Slow                           Hexes                        2
   c - Inner Flame                    Hexes/Fire                   3
   d - Portal Projectile              Hexes/Translocation          3
   e - Cause Fear                     Hexes                        4
   f - Leda's Liquefaction            Hexes/Earth                  4
Comestibles
 c - 12 rations


   Skills:
 + Level 5.4 Fighting
 + Level 5.4 Short Blades
 + Level 5.4 Long Blades
 + Level 5.4 Axes
 + Level 5.4 Maces & Flails
 + Level 5.4 Polearms
 + Level 5.4 Staves
 + Level 5.4 Slings
 + Level 5.4 Bows
 + Level 5.4 Crossbows
 + Level 5.4 Throwing
 + Level 5.4 Armour
 + Level 7.2 Dodging
 + Level 7.0 Stealth
 + Level 5.4 Shields
 + Level 5.4 Unarmed Combat
 + Level 7.5 Spellcasting
 + Level 5.0 Conjurations
 + Level 4.5 Hexes
 + Level 4.5 Charms
 + Level 4.5 Summonings
 + Level 4.5 Necromancy
 + Level 4.5 Translocations
 + Level 4.5 Transmutations
 + Level 4.5 Fire Magic
 + Level 7.2 Ice Magic
 + Level 4.5 Air Magic
 + Level 4.5 Earth Magic
 + Level 4.5 Poison Magic
 + Level 6.0 Invocations
 + Level 5.4 Evocations


You had 10 spell levels left.
You knew the following spells:

 Your Spells              Type           Power        Failure   Level  Hunger
a - Freeze                Ice            ####         1%          1    None
j - Throw Frost           Conj/Ice       ######       1%          2    None
o - Ozocubu's Armour      Chrm/Ice       #######.     1%          3    None
x - Summon Ice Beast      Ice/Summ       #######.     1%          4    ##.....
O - Olgreb's Toxic Radia  Pois           ######..     1%          4    ##.....


Dungeon Overview and Level Annotations

Branches:
Dungeon (9/15)             Temple (1/1) D:6             Orc (2/2) D:9
   Lair: D:8-11         Elf: Orc:2

Altars:
Ashenzari
Cheibriados
Dithmenos
Elyvilon
Gozag
Hepliaklqana
Kikubaaqudgha
Makhleb
Nemelex Xobeh
Qazlal
Ru
Sif Muna
Trog
Uskayaw
Vehumet
Wu Jian
Xom
Yredelemnul
Zin
The Shining One

Shops:
D:8 [((}   Orc:2 :

Annotations:
D:4 Verendum's ghost, novice MfIE


Innate Abilities, Weirdness & Mutations

Your experience applies equally to all skills.
You have very sharp teeth.
Your uncanny sense of smell can sniff out nearby items.


Message History

Evoke which item? (* to show all) (? for menu, Esc to quit)
Okay, then.
Unknown command.
Evoke which item? (* to show all) (? for menu, Esc to quit)
Aiming: Corrosive Bolt
Press: ? - help, Shift-Dir - straight line, f - orc warrior
Aim: an orc warrior, wielding a mace and wearing a plate armour (lightly wounded)
The bolt of acid misses the orc sorcerer.
The bolt of acid hits the orc.
The orc is splashed with acid.
The acid corrodes the orc!
You kill the orc!
Cheibriados appreciates the change of pace.
The bolt of acid misses the orc warrior.
You block the warg's attack.
The orc sorcerer's eyes start to glow.
The orc sorcerer hits you but does no damage.
You are poisoned.
Unknown command.
Evoke which item? (* to show all) (? for menu, Esc to quit)
Aiming: Corrosive Bolt
Press: ? - help, Shift-Dir - straight line, f - orc warrior, p - orc warrior
Aim: an orc warrior, wielding a hand axe and wearing a chain mail (moderately wounded)
The bolt of acid hits the orc sorcerer.
The orc sorcerer is splashed with acid.
The acid corrodes the orc sorcerer!
You kill the orc sorcerer!
Cheibriados thoroughly appreciates the change of pace.
Your Conjurations skill increases to level 5!
The bolt of acid hits the orc warrior.
The orc warrior is splashed with acid.
The orc warrior is almost dead.
The bolt of acid hits the orc warrior.
The orc warrior is splashed with acid.
The acid corrodes the orc warrior!
The orc warrior is almost dead.
You feel sick.
You hear a shout!
The warg completely misses you. x2
Unknown command.
Casting: Summon Ice Beast
Confirm with . or Enter, or press ? or * to list all spells.
You begin to radiate toxic energy.
The orc warrior is poisoned. x2
The orc is poisoned.
You kill the orc warrior!
Cheibriados appreciates the change of pace.
The orc warrior hits you with a mace!!
* * * LOW HITPOINT WARNING * * *
You block the warg's attack.
Unknown command.
Unknown command.
You closely miss the warg. Your bite misses the warg.
The warg is almost dead.
You hit the orc warrior but do no damage.
Your icy armour evaporates.
You kill the orc warrior!
Cheibriados thoroughly appreciates the change of pace.
Your Invocations skill increases to level 6!
You feel sick. You block the warg's attack.
You slash the warg!
You kill the warg!
Cheibriados appreciates the change of pace.
Your Stealth skill increases to level 7!
You barely miss the orc.
The orc wizard is poisoned.
The orc looks even sicker.
Your toxic aura wanes.
The orc wizard gestures at you while chanting.
The magic dart hits you!
* * * LOW HITPOINT WARNING * * *
You hit the orc but do no damage. You bite the orc, but do no damage.
The orc is severely wounded.
The orc barely misses you.
The orc wizard gestures wildly while chanting.
The orc wizard blinks!
An orc warrior comes into view. It is wielding a scimitar.
The orc warrior shouts!
Unknown command.
You feel sick.
You hear a shout! x2
You kill the orc!
Cheibriados appreciates the change of pace.
The orc warrior throws a tomahawk.
The tomahawk closely misses you.
Evoke which item? (* to show all) (? for menu, Esc to quit)
Aiming: Enslavement
Press: ? - help, Shift-Dir - straight line, f - orc wizard
Aim: an orc wizard, wielding a dagger and wearing a robe (lightly wounded, poisoned, chance to defeat MR: 62%)
The orc wizard resists with significant effort.
The orc wizard looks more healthy.
An orc warrior and an ogre come into view.
The orc warrior is wielding a short sword of venom.
It was a potion of brilliance.
You feel clever all of a sudden.
You feel sick.
An orc warrior and an orc sorcerer come into view.
The orc warrior moves out of view.
Unknown command.
Okay, then.
Evoke which item? (* to show all) (? for menu, Esc to quit)
Aiming: Dig
Press: ? - help, Shift-Dir - straight line, f - you, p - orc wizard The rock shatters into small pieces.
The orc warrior throws a tomahawk.
The tomahawk closely misses you.
Unknown command.
You feel sick.
The orc warrior throws a tomahawk.
The tomahawk hits you!
You die...

......P..P.. .. ..
.....o.....# #.. ...
.oooP.(..###... ..#
.o.P....#..... #.#
#...o...#.... #.#
#....#.#..... #.#
##..o.#.....
#.#######o#....#.. ##
#@#.###)..#......
##.####(.o#.)...##...
#...###..#.O........<.
#..##...o(....(......
#...#..##............
##<#...##.....$......
#.......##...........
##.#....###..........
###...## ...........


You could see an orc warrior, an ogre and an orc wizard.

Vanquished Creatures
  An orc high priest (Orc:1)
  2 orc sorcerers (Orc:2)
  2 trolls (Orc:1)
  Menkaure (D:5)
  A warg (Orc:2)
  A water moccasin (D:7)
  An ice beast (D:6)
  7 orc warriors
  3 ogres
  2 centaurs
  2 big kobolds
  2 bullfrogs
  2 scorpions
  5 killer bees (D:6)
  A howler monkey (D:6)
  4 crimson imps
  8 orc priests
  2 centaur skeletons (D:6)
  2 hounds
  3 jellies
  7 orc wizards
  A bullfrog skeleton (D:5)
  4 iguanas
  5 worker ants
  8 gnolls
  5 adders
  2 shadow imps (D:5)
  An adder skeleton (D:5)
  A worm (D:2)
  A dart slug (D:2)
  7 leopard geckos
  26 orcs
  A giant cockroach (D:1)
  3 goblins (D:2)
  9 hobgoblins
  6 jackals
  8 kobolds
  5 bats
  5 frilled lizards
  A jackal zombie (D:5)
  A quokka skeleton (D:7)
  A rat (D:2)
160 creatures vanquished.

Vanquished Creatures (collateral kills)
  A hippogriff (D:7)
  An ogre (D:8)
  A centaur skeleton (D:5)
  5 orc wizards
  An iguana (D:7)
  3 gnolls
  7 orcs
19 creatures vanquished.

Vanquished Creatures (others)
  A fungus (Orc:2)
1 creature vanquished.

Grand Total: 180 creatures vanquished

Notes
Turn   | Place    | Note
-------+----------+-------------------------------------------
     0 | D:1      | tidbits the Gnoll Ice Elementalist began the quest for the Orb.
     0 | D:1      | Reached XP level 1. HP: 13/13 MP: 6/6
     6 | D:1      | Noticed a wyvern
     6 | D:1      | Noticed a black mamba
     6 | D:1      | Noticed a polar bear
    71 | D:1      | Reached skill level 2 in Conjurations
    74 | D:1      | Reached XP level 2. HP: 11/19 MP: 1/7
   179 | D:2      | Learned a level 2 spell: Throw Frost
   212 | D:1      | Reached XP level 3. HP: 25/25 MP: 7/9
   291 | D:2      | Reached skill level 5 in Spellcasting
   392 | D:2      | Reached skill level 1 in Invocations
   414 | D:3      | Reached skill level 1 in Fighting
   414 | D:3      | Reached skill level 1 in Short Blades
   414 | D:3      | Reached skill level 1 in Long Blades
   414 | D:3      | Reached skill level 1 in Axes
   414 | D:3      | Reached skill level 1 in Maces & Flails
   414 | D:3      | Reached skill level 1 in Polearms
   414 | D:3      | Reached skill level 1 in Staves
   414 | D:3      | Reached skill level 1 in Slings
   414 | D:3      | Reached skill level 1 in Bows
   414 | D:3      | Reached skill level 1 in Crossbows
   414 | D:3      | Reached skill level 1 in Throwing
   414 | D:3      | Reached skill level 1 in Armour
   414 | D:3      | Reached skill level 1 in Shields
   414 | D:3      | Reached skill level 1 in Unarmed Combat
   414 | D:3      | Reached skill level 1 in Evocations
   414 | D:3      | Reached XP level 4. HP: 26/32 MP: 9/11
   491 | D:3      | Reached skill level 1 in Hexes
   491 | D:3      | Reached skill level 1 in Charms
   491 | D:3      | Reached skill level 1 in Summonings
   491 | D:3      | Reached skill level 1 in Necromancy
   491 | D:3      | Reached skill level 1 in Translocations
   491 | D:3      | Reached skill level 1 in Transmutations
   491 | D:3      | Reached skill level 1 in Fire Magic
   491 | D:3      | Reached skill level 1 in Air Magic
   491 | D:3      | Reached skill level 1 in Earth Magic
   491 | D:3      | Reached skill level 1 in Poison Magic
   640 | D:4      | Reached XP level 5. HP: 36/37 MP: 8/12
   822 | D:4      | Noticed an ogre
   830 | D:4      | Learned a level 3 spell: Ozocubu's Armour
   866 | D:5      | Entered Level 5 of the Dungeon
   866 | D:5      | Noticed Menkaure
   925 | D:4      | Noticed Verendum's ghost (novice MfIE)
   955 | D:5      | Reached skill level 2 in Invocations
   955 | D:5      | Reached XP level 6. HP: 22/44 MP: 10/13
  1011 | D:5      | Reached skill level 5 in Dodging
  1014 | D:5      | Found a sacrificial altar of Ru.
  1029 | D:5      | Reached skill level 2 in Fighting
  1029 | D:5      | Reached skill level 2 in Short Blades
  1029 | D:5      | Reached skill level 2 in Long Blades
  1029 | D:5      | Reached skill level 2 in Axes
  1029 | D:5      | Reached skill level 2 in Maces & Flails
  1029 | D:5      | Reached skill level 2 in Polearms
  1029 | D:5      | Reached skill level 2 in Staves
  1029 | D:5      | Reached skill level 2 in Slings
  1029 | D:5      | Reached skill level 2 in Bows
  1029 | D:5      | Reached skill level 2 in Crossbows
  1029 | D:5      | Reached skill level 2 in Throwing
  1029 | D:5      | Reached skill level 2 in Armour
  1029 | D:5      | Reached skill level 2 in Shields
  1029 | D:5      | Reached skill level 2 in Unarmed Combat
  1029 | D:5      | Reached skill level 2 in Evocations
  1068 | D:5      | Reached XP level 7. HP: 23/50 MP: 8/15
  1138 | D:4      | Reached skill level 2 in Hexes
  1138 | D:4      | Reached skill level 2 in Charms
  1138 | D:4      | Reached skill level 2 in Summonings
  1138 | D:4      | Reached skill level 2 in Necromancy
  1138 | D:4      | Reached skill level 2 in Translocations
  1138 | D:4      | Reached skill level 2 in Transmutations
  1138 | D:4      | Reached skill level 2 in Fire Magic
  1138 | D:4      | Reached skill level 2 in Air Magic
  1138 | D:4      | Reached skill level 2 in Earth Magic
  1138 | D:4      | Reached skill level 2 in Poison Magic
  1220 | D:5      | Learned a level 4 spell: Summon Ice Beast
  1233 | D:5      | Reached skill level 3 in Conjurations
  1241 | D:5      | Got a scorched mace {venom}
  1256 | D:5      | Killed Menkaure
  1256 | D:5      | Reached skill level 5 in Stealth
  1269 | D:5      | Found a glowing golden altar of the Shining One.
  1283 | D:5      | Identified the +8 mace of the Orb {venom, rC+} (You took it off an orc on level 5 of the Dungeon)
  1301 | D:6      | Reached skill level 3 in Invocations
  1313 | D:6      | Reached XP level 8. HP: 47/57 MP: 6/16
  1323 | D:6      | Reached skill level 6 in Ice Magic
  1350 | D:6      | Reached skill level 3 in Fighting
  1350 | D:6      | Reached skill level 3 in Short Blades
  1350 | D:6      | Reached skill level 3 in Long Blades
  1350 | D:6      | Reached skill level 3 in Axes
  1350 | D:6      | Reached skill level 3 in Maces & Flails
  1350 | D:6      | Reached skill level 3 in Polearms
  1350 | D:6      | Reached skill level 3 in Staves
  1350 | D:6      | Reached skill level 3 in Slings
  1350 | D:6      | Reached skill level 3 in Bows
  1350 | D:6      | Reached skill level 3 in Crossbows
  1350 | D:6      | Reached skill level 3 in Throwing
  1350 | D:6      | Reached skill level 3 in Armour
  1350 | D:6      | Reached skill level 3 in Shields
  1350 | D:6      | Reached skill level 3 in Unarmed Combat
  1350 | D:6      | Reached skill level 6 in Spellcasting
  1350 | D:6      | Reached skill level 3 in Evocations
  1589 | D:6      | Reached skill level 3 in Hexes
  1589 | D:6      | Reached skill level 3 in Charms
  1589 | D:6      | Reached skill level 3 in Summonings
  1589 | D:6      | Reached skill level 3 in Necromancy
  1589 | D:6      | Reached skill level 3 in Translocations
  1589 | D:6      | Reached skill level 3 in Transmutations
  1589 | D:6      | Reached skill level 3 in Fire Magic
  1589 | D:6      | Reached skill level 3 in Air Magic
  1589 | D:6      | Reached skill level 3 in Earth Magic
  1589 | D:6      | Reached skill level 3 in Poison Magic
  1589 | D:6      | Reached skill level 4 in Invocations
  1594 | D:6      | Reached XP level 9. HP: 31/65 MP: 6/18
  1653 | D:6      | Reached skill level 6 in Dodging
  1773 | D:6      | Found a radiant altar of Vehumet.
  1795 | D:6      | Found a sparkling altar of Nemelex Xobeh.
  1798 | D:6      | Found a hide-covered altar of Uskayaw.
  1836 | D:6      | Found a staircase to the Ecumenical Temple.
  1848 | Temple   | Entered the Ecumenical Temple
  2015 | D:8      | Found Xoejy's Antique Armour Boutique.
  2210 | D:7      | Reached skill level 4 in Fighting
  2210 | D:7      | Reached skill level 4 in Short Blades
  2210 | D:7      | Reached skill level 4 in Long Blades
  2210 | D:7      | Reached skill level 4 in Axes
  2210 | D:7      | Reached skill level 4 in Maces & Flails
  2210 | D:7      | Reached skill level 4 in Polearms
  2210 | D:7      | Reached skill level 4 in Staves
  2210 | D:7      | Reached skill level 4 in Slings
  2210 | D:7      | Reached skill level 4 in Bows
  2210 | D:7      | Reached skill level 4 in Crossbows
  2210 | D:7      | Reached skill level 4 in Throwing
  2210 | D:7      | Reached skill level 4 in Armour
  2210 | D:7      | Reached skill level 4 in Shields
  2210 | D:7      | Reached skill level 4 in Unarmed Combat
  2210 | D:7      | Reached skill level 4 in Conjurations
  2210 | D:7      | Reached skill level 4 in Evocations
  2342 | D:7      | Reached skill level 6 in Stealth
  2450 | D:8      | Found Iso Qala's Weapon Boutique.
  2451 | D:8      | Found Xaun's Weapon Emporium.
  2475 | D:8      | Found Urchau's Gadget Shoppe.
  2481 | D:9      | Noticed a two-headed ogre
  2501 | D:8      | Bought a wand of iceblast (5) for 117 gold pieces
  2644 | D:9      | Learned a level 4 spell: Olgreb's Toxic Radiance
  2690 | D:9      | Found a shadowy altar of Dithmenos.
  2693 | D:9      | Found a snail-covered altar of Cheibriados.
  2704 | D:9      | Became a worshipper of Cheibriados the Contemplative
  2754 | D:9      | Reached skill level 5 in Invocations
  2768 | D:9      | Found a staircase to the Orcish Mines.
  2790 | Orc:1    | Entered Level 1 of the Orcish Mines
  2799 | Orc:1    | Noticed an orc high priest
  2805 | Orc:1    | Killed an orc high priest
  2805 | Orc:1    | Reached skill level 7 in Spellcasting
  2805 | Orc:1    | Reached skill level 4 in Hexes
  2805 | Orc:1    | Reached skill level 4 in Charms
  2805 | Orc:1    | Reached skill level 4 in Summonings
  2805 | Orc:1    | Reached skill level 4 in Necromancy
  2805 | Orc:1    | Reached skill level 4 in Translocations
  2805 | Orc:1    | Reached skill level 4 in Transmutations
  2805 | Orc:1    | Reached skill level 4 in Fire Magic
  2805 | Orc:1    | Reached skill level 4 in Air Magic
  2805 | Orc:1    | Reached skill level 4 in Earth Magic
  2805 | Orc:1    | Reached skill level 4 in Poison Magic
  2805 | Orc:1    | Reached XP level 10. HP: 47/73 MP: 14/20
  2809 | Orc:1    | Reached * piety under Cheibriados
  2820 | Orc:1    | Reached skill level 5 in Fighting
  2820 | Orc:1    | Reached skill level 5 in Short Blades
  2820 | Orc:1    | Reached skill level 5 in Long Blades
  2820 | Orc:1    | Reached skill level 5 in Axes
  2820 | Orc:1    | Reached skill level 5 in Maces & Flails
  2820 | Orc:1    | Reached skill level 5 in Polearms
  2820 | Orc:1    | Reached skill level 5 in Staves
  2820 | Orc:1    | Reached skill level 5 in Slings
  2820 | Orc:1    | Reached skill level 5 in Bows
  2820 | Orc:1    | Reached skill level 5 in Crossbows
  2820 | Orc:1    | Reached skill level 5 in Throwing
  2820 | Orc:1    | Reached skill level 5 in Armour
  2820 | Orc:1    | Reached skill level 5 in Shields
  2820 | Orc:1    | Reached skill level 5 in Unarmed Combat
  2820 | Orc:1    | Reached skill level 5 in Evocations
  2866 | Orc:1    | Reached skill level 7 in Ice Magic
  2973 | Orc:2    | Entered Level 2 of the Orcish Mines
  2992 | Orc:2    | Found Singeab's Book Emporium.
  2992 | Orc:2    | Noticed an orc sorcerer
  2995 | Orc:2    | Killed an orc sorcerer
  2995 | Orc:2    | Reached skill level 7 in Dodging
  3006 | Orc:2    | Noticed an orc sorcerer
  3020 | Orc:2    | Killed an orc sorcerer
  3020 | Orc:2    | Reached skill level 5 in Conjurations
  3022 | Orc:2    | Reached skill level 6 in Invocations
  3023 | Orc:2    | Reached skill level 7 in Stealth
  3028 | Orc:2    | HP: 7/74 [poisoned by an orc sorcerer]
  3029 | Orc:2    | Noticed an orc sorcerer
  3032 | Orc:2    | Hit by a tomahawk thrown by an orc warrior

Skill      XL: |  1  2  3  4  5  6  7  8  9 10 |
---------------+-------------------------------+-----
Conjurations   | 2 3 4 5 |  5.0
Spellcasting   | 5 6 7 |  7.5
Invocations    | 1 2 3 4 5 6 |  6.0
Fighting       | 1 2 3 4 5 |  5.4
Short Blades   | 1 2 3 4 5 |  5.4
Long Blades    | 1 2 3 4 5 |  5.4
Axes           | 1 2 3 4 5 |  5.4
Maces & Flails | 1 2 3 4 5 |  5.4
Polearms       | 1 2 3 4 5 |  5.4
Staves         | 1 2 3 4 5 |  5.4
Slings         | 1 2 3 4 5 |  5.4
Bows           | 1 2 3 4 5 |  5.4
Crossbows      | 1 2 3 4 5 |  5.4
Throwing       | 1 2 3 4 5 |  5.4
Armour         | 1 2 3 4 5 |  5.4
Shields        | 1 2 3 4 5 |  5.4
Unarmed Combat | 1 2 3 4 5 |  5.4
Evocations     | 1 2 3 4 5 |  5.4
Hexes          | 1 2 3 4 |  4.5
Charms         | 1 2 3 4 |  4.5
Summonings     | 1 2 3 4 |  4.5
Necromancy     | 1 2 3 4 |  4.5
Translocations | 1 2 3 4 |  4.5
Transmutations | 1 2 3 4 |  4.5
Fire Magic     | 1 2 3 4 |  4.5
Air Magic      | 1 2 3 4 |  4.5
Earth Magic    | 1 2 3 4 |  4.5
Poison Magic   | 1 2 3 4 |  4.5
Dodging        | 5 6 7 |  7.2
Stealth        | 5 6 7 |  7.0
Ice Magic      | 6 7 |  7.2

Action                   |  1- 3 |  4- 6 |  7- 9 | 10-12 || total
-------------------------+-------+-------+-------+-------++-------
Melee: Spear             |    31 |    60 |    51 |       ||   142
       Unarmed           |     1 |       |       |       ||     1
       Bite              |     2 |     5 |    13 |     4 ||    24
       Dagger            |       |     1 |       |       ||     1
       Mace              |       |       |    71 |       ||    71
       Punch             |       |       |     2 |       ||     2
       War axe           |       |       |    93 |    19 ||   112
Throw: Stone             |       |       |     3 |       ||     3
       Tomahawk          |       |       |       |     9 ||     9
 Cast: Freeze            |    19 |    30 |    16 |       ||    65
       Ozocubu's Armour  |       |     3 |    19 |     2 ||    24
       Throw Frost       |       |       |    10 |       ||    10
       Summon Ice Beast  |       |       |    12 |     2 ||    14
       Olgreb's Toxic Ra |       |       |     2 |     4 ||     6
Evoke: Wand              |       |       |     4 |    12 ||    16
  Use: Potion            |       |     1 |     3 |     2 ||     6
       Scroll            |       |       |    17 |     1 ||    18
 Stab: Sleeping          |     5 |     4 |     5 |       ||    14
       Distracted        |       |     1 |       |       ||     1
  Eat: Chunk             |       |     1 |     7 |     2 ||    10
Armor: Robe              |     3 |    12 |    57 |     8 ||    80
       Skin              |       |       |    65 |       ||    65
Dodge: Dodged            |    12 |    53 |   176 |    22 ||   263
Block: Buckler           |       |       |     3 |    11 ||    14

Table legend:
 A = Turns spent in this place as a percentage of turns spent in the entire game.
 B = Non-inter-level travel turns spent in this place as a percentage of non-inter-level travel turns spent in the entire game.
 C = Inter-level travel turns spent in this place as a percentage of turns spent in this place.
 D = Turns resting spent in this place as a percentage of non-inter-level travel turns spent in this place.
 E = Turns spent auto-exploring this place as a percentage of non-inter-level travel turns spent in this place.
 F = Non-inter-level travel turns spent in this place divided by the number of levels of this place that you've seen.
                   A       B       C       D       E      F
               +-------+-------+-------+-------+-------+----------------------
         Total | 100.0 | 100.0 |   0.5 |   0.0 |   0.0 | 251.3
       Dungeon |  89.3 |  89.8 |   0.0 |   0.0 |   0.0 | 300.9
        Temple |   2.7 |   2.2 |  19.5 |   0.0 |   0.0 |  66.0
  Orcish Mines |   8.0 |   8.0 |   0.0 |   0.0 |   0.0 | 121.0
               +-------+-------+-------+-------+-------+----------------------

Table legend:
 A = Kills in this place as a percentage of kills in entire the game.
 B = Kills by you in this place as a percentage of kills by you in the entire game.
 C = Kills by friends in this place as a percentage of kills by friends in the entire game.
 D = Other kills in this place as a percentage of other kills in the entire game.
 E = Experience gained in this place as a percentage of experience gained in the entire game.
 F = Experience gained in this place divided by the number of levels of this place that you have seen.
                   A       B       C       D       E      F
               +-------+-------+-------+-------+-------+----------------------
         Total | 100.0 | 100.0 | 100.0 |   N/A | 100.0 | 672.5
       Dungeon |  82.7 |  80.6 | 100.0 |   N/A |  52.2 | 467.9
  Orcish Mines |  17.3 |  19.4 |   0.0 |   N/A |  47.8 | 1929.5
               +-------+-------+-------+-------+-------+----------------------

Vault maps used:
D:1:      onia_arrival_zoo_common, serial_glass, glass_columns_b,
          glass_columns_a, minmay_pentomino_p2
D:2:      serial_bayou_lake_a
D:3:      first_ration, grunt_ministairs_5
D:5:      lemuel_coloured_pillars_altar, enter_ossuary_5,
          kb_lookout_dungeons_type, nicolae_ru_awakened_eye, uniq_menkaure
D:6:      minitemple, kennysheep_mini_moat, minmay_temple_entry_trees,
          minmay_checkerbox
D:7:      bloody_trog
D:8:      serial_shops, shop, shop, shop, nicolae_shop_behind_doors
D:9:      chequers_temple_overflow_statue_of_worship,
          gammafunk_temple_overflow_elements, orc_0_dummy
Temple:   jpeg_temple_clearing
Orc:1:    portal_ice_cave_entry_ice_beasts, uniq_erica
Orc:2:    grunt_orc_gardens, grunt_orc_garden, grunt_orc_garden,
          grunt_orc_garden, grunt_orc_garden, basic_altar, serial_shops, shop,
          lightli_orcish_oven
